TOP OF THE 1ST |
Reading Rainbows batting - Pitching for Butler White Sox : LHP Gary Fox
|
Pitching: LHP Gary Fox
|
|
Batting: LHB Ismael Barajas
|
0-0: Swinging Strike 0-1: Called Strike 0-2: Strikes out looking
|
Batting: RHB Richard Case
|
0-0: Foul Ball, location: 2F 0-1: Swinging Strike 0-2: Strikes out swinging
|
Batting: RHB Ethan Moore
|
0-0: Ball 1-0: Ball 2-0: SINGLE (Line Drive, 78S)
|
Batting: RHB Edmund Swanson
|
0-0: Ball 1-0: Ball 2-0: Ball 3-0: Base on Balls Ethan Moore to second
|
Batting: RHB José Moreno
|
0-0: Called Strike 0-1: Swinging Strike 0-2: Strikes out looking
|
Top of the 1st over - 0 runs, 1 hit, 0 errors, 2 left on base; Reading 0 - Butler 0 |
BOTTOM OF THE 1ST |
Butler White Sox batting - Pitching for Reading Rainbows : RHP Paul Orr
|
Pitching: RHP Paul Orr
|
|
Batting: RHB Luis Fuentes
|
0-0: Called Strike 0-1: Fly out, F9 (Line Drive, 9)
|
Batting: LHB Sam Haynes
|
0-0: SINGLE (Groundball, 34D)
|
Batting: SHB Ben Marks
|
0-0: SINGLE (Line Drive, 6M) Sam Haynes to second
|
Batting: RHB Steve Clifton
|
0-0: Called Strike 0-1: Called Strike 0-2: Ball 1-2: Ball 2-2: SINGLE (Flyball, 9LS) Sam Haynes to third Ben Marks to second Runner from 3rd tries for Home, SAFE, no throw
|
Batting: SHB Pedro Martínez
|
0-0: Grounds into double play, 5-4-3 (Groundball, 56)
|
Bottom of the 1st over - 1 run, 3 hits, 0 errors, 1 left on base; Reading 0 - Butler 1 |
TOP OF THE 2ND |
Reading Rainbows batting - Pitching for Butler White Sox : LHP Gary Fox
|
Batting: LHB Ramón Morán
|
0-0: Ball 1-0: Foul Ball, location: 2F 1-1: Ball 2-1: Foul Ball, location: 2F 2-2: Ball 3-2: Strikes out swinging
|
Batting: SHB Johnny Jackson
|
0-0: Ball 1-0: Ground out 6-3 (Groundball, 6S)
|
Batting: LHB Dennis McConnell
|
0-0: Foul Ball, location: 2F 0-1: Foul Ball, location: 2F 0-2: Strikes out looking
|
Top of the 2nd over - 0 runs, 0 hits, 0 errors, 0 left on base; Reading 0 - Butler 1 |
BOTTOM OF THE 2ND |
Butler White Sox batting - Pitching for Reading Rainbows : RHP Paul Orr
|
Batting: RHB Ángel Serrano
|
0-0: DOUBLE (Line Drive, 8LXD)
|
Batting: RHB Andrés Silva
|
0-0: Ball 1-0: Ball 2-0: Called Strike 2-1: DOUBLE (Groundball, 5L) Ángel Serrano scores
|
Batting: RHB Jerry Moore
|
0-0: Ball 1-0: Called Strike 1-1: Called Strike 1-2: Foul Ball, location: 2F 1-2: Ball 2-2: Strikes out looking
|
Batting: LHB Denny Allen
|
0-0: Foul Ball, location: 2F 0-1: SINGLE (Groundball, 56S) (infield hit) Andrés Silva to third
|
Batting: RHB Luis Fuentes
|
0-0: Foul Ball, location: 2F 0-1: Ball 1-1: Foul Ball, location: 2F 1-2: Fly out, F9 (Flyball, 9S)
|
Batting: LHB Sam Haynes
|
0-0: Ball 1-0: Ball 2-0: SINGLE (Groundball, 23) (infield hit) Andrés Silva scores Denny Allen to second
|
Batting: SHB Ben Marks
|
0-0: Fielders Choice at 2nd, 6-4 (Groundball, 6)
|
Bottom of the 2nd over - 2 runs, 4 hits, 0 errors, 2 left on base; Reading 0 - Butler 3 |
TOP OF THE 3RD |
Reading Rainbows batting - Pitching for Butler White Sox : LHP Gary Fox
|
Batting: RHB Jesús Chávez
|
0-0: Called Strike 0-1: Called Strike 0-2: Foul Ball, location: 2F 0-2: Foul Ball, location: 2F 0-2: Strikes out swinging
|
Batting: LHB Ismael Barajas
|
0-0: DOUBLE (Groundball, 3L)
|
Batting: RHB Richard Case
|
0-0: Ball Ismael Barajas steals 3rd base 1-0: Ball 2-0: Called Strike 2-1: Called Strike 2-2: Ball 3-2: Foul Ball, location: 2F 3-2: Foul Ball, location: 2F 3-2: Foul Ball, location: 2F 3-2: Strikes out looking
|
Batting: RHB Ethan Moore
|
0-0: DOUBLE (Line Drive, 8LD) Ismael Barajas scores
|
Batting: RHB Edmund Swanson
|
0-0: Ground out 1-3 (Groundball, 15S)
|
Top of the 3rd over - 1 run, 2 hits, 0 errors, 1 left on base; Reading 1 - Butler 3 |
BOTTOM OF THE 3RD |
Butler White Sox batting - Pitching for Reading Rainbows : RHP Paul Orr
|
Batting: RHB Steve Clifton
|
0-0: Ball 1-0: Called Strike 1-1: Foul Ball, location: 2F 1-2: Foul Ball, location: 2F 1-2: Ground out 1-3 (Groundball, P)
|
Batting: SHB Pedro Martínez
|
0-0: Foul Ball, location: 2F 0-1: Swinging Strike 0-2: Ground out 6-3 (Groundball, 6M)
|
Batting: RHB Ángel Serrano
|
0-0: Called Strike 0-1: Ball 1-1: Ball 2-1: SINGLE (Groundball, 56D)
|
Batting: RHB Andrés Silva
|
0-0: Called Strike 0-1: Hit by Pitch Ángel Serrano to second
|
Batting: RHB Jerry Moore
|
0-0: Called Strike 0-1: SINGLE (Groundball, 6S) (infield hit) Ángel Serrano to third Andrés Silva to second
|
Batting: LHB Denny Allen
|
0-0: SINGLE (Flyball, 7LS) Ángel Serrano scores Andrés Silva to third Jerry Moore to second Runner from 3rd tries for Home, SAFE, no throw
|
Batting: RHB Luis Fuentes
|
0-0: Swinging Strike 0-1: Ball 1-1: Ball 2-1: Swinging Strike 2-2: Strikes out swinging
|
Bottom of the 3rd over - 2 runs, 3 hits, 0 errors, 2 left on base; Reading 1 - Butler 5 |
TOP OF THE 4TH |
Reading Rainbows batting - Pitching for Butler White Sox : LHP Gary Fox
|
Batting: RHB José Moreno
|
0-0: Called Strike 0-1: Foul Ball, location: 2F 0-2: Ball 1-2: Strikes out swinging
|
Batting: LHB Ramón Morán
|
0-0: Ground out 4-3 (Groundball, 4)
|
Batting: SHB Johnny Jackson
|
0-0: Called Strike 0-1: Ground out 6-3 (Groundball, 6M)
|
Top of the 4th over - 0 runs, 0 hits, 0 errors, 0 left on base; Reading 1 - Butler 5 |
BOTTOM OF THE 4TH |
Butler White Sox batting - Pitching for Reading Rainbows : RHP Paul Orr
|
Batting: LHB Sam Haynes
|
0-0: Called Strike 0-1: Called Strike 0-2: Foul Ball, location: 2F 0-2: Fly out, F8 (Flyball, 89D)
|
Batting: SHB Ben Marks
|
0-0: Called Strike 0-1: Ball 1-1: Foul Ball, location: 2F 1-2: SINGLE (Groundball, 4MD)
|
Batting: RHB Steve Clifton
|
0-0: Ball 1-0: Ball 2-0: Grounds into double play, 1-6-3 (Groundball, 13S)
|
Bottom of the 4th over - 0 runs, 1 hit, 0 errors, 0 left on base; Reading 1 - Butler 5 |
TOP OF THE 5TH |
Reading Rainbows batting - Pitching for Butler White Sox : LHP Gary Fox
|
Batting: LHB Dennis McConnell
|
0-0: Foul Ball, location: 2F 0-1: Ball 1-1: Ground out 6-3 (Groundball, 6M)
|
Batting: RHB Jesús Chávez
|
0-0: Ball 1-0: Ball 2-0: Ball 3-0: Called Strike 3-1: SINGLE (Groundball, 25) (infield hit)
|
Batting: LHB Ismael Barajas
|
0-0: Grounds into double play, 4-6-3 (Groundball, 34)
|
Top of the 5th over - 0 runs, 1 hit, 0 errors, 0 left on base; Reading 1 - Butler 5 |
BOTTOM OF THE 5TH |
Butler White Sox batting - Pitching for Reading Rainbows : RHP Paul Orr
|
Batting: SHB Pedro Martínez
|
0-0: Ball 1-0: Ball 2-0: Called Strike 2-1: Foul Ball, location: 2F 2-2: SINGLE (Flyball, 89S)
|
Batting: RHB Ángel Serrano
|
0-0: DOUBLE (Line Drive, 89D) Pedro Martínez to third
|
Pitching: RHP Gustavo Hernández
|
|
Batting: RHB Andrés Silva
|
0-0: Called Strike 0-1: Ground out 1-3 (Groundball, 15S)
|
Batting: RHB Jerry Moore
|
0-0: Called Strike 0-1: Called Strike 0-2: Ball 1-2: Ball 2-2: SINGLE (Groundball, 4M) (infield hit) Pedro Martínez scores Ángel Serrano to third
|
Pitching: LHP Bill Parry
|
|
Batting: LHB Denny Allen
|
0-0: Foul Ball, location: 2F 0-1: Swinging Strike 0-2: Ball 1-2: Foul Ball, location: 2F 1-2: Ball 2-2: Ball 3-2: SINGLE (Groundball, 4MD) Ángel Serrano scores Jerry Moore to second
|
Batting: RHB Luis Fuentes
|
0-0: Ball 1-0: Ball 2-0: Ball 3-0: Base on Balls Jerry Moore to third Denny Allen to second
|
Batting: LHB Sam Haynes
|
0-0: Called Strike 0-1: Fielders Choice at 2nd, 3-6 (Groundball, 34) Jerry Moore scores Denny Allen to third
|
Batting: SHB Ben Marks
|
0-0: Ball 1-0: Called Strike 1-1: Ball 2-1: Ball 3-1: Base on Balls Sam Haynes to second
|
Batting: RHB Steve Clifton
|
0-0: Called Strike 0-1: Ball 1-1: Called Strike 1-2: Strikes out swinging
|
Bottom of the 5th over - 3 runs, 4 hits, 0 errors, 3 left on base; Reading 1 - Butler 8 |
TOP OF THE 6TH |
Reading Rainbows batting - Pitching for Butler White Sox : LHP Gary Fox
|
Batting: RHB Richard Case
|
0-0: Foul Ball, location: 2F 0-1: SINGLE (Groundball, 5L) (infield hit)
|
Batting: RHB Ethan Moore
|
0-0: Swinging Strike 0-1: Ball 1-1: SINGLE (Groundball, 6D) Richard Case to second
|
Batting: RHB Edmund Swanson
|
0-0: Ball 1-0: Foul Ball, location: 2F 1-1: Ball 2-1: Swinging Strike 2-2: Strikes out swinging
|
Batting: RHB José Moreno
|
0-0: Called Strike 0-1: Ball 1-1: Ball 2-1: Called Strike 2-2: Grounds into double play, 5-4-3 (Groundball, 56)
|
Top of the 6th over - 0 runs, 2 hits, 0 errors, 1 left on base; Reading 1 - Butler 8 |
BOTTOM OF THE 6TH |
Butler White Sox batting - Pitching for Reading Rainbows : LHP Bill Parry
|
Batting: SHB Pedro Martínez
|
0-0: Ball 1-0: Called Strike 1-1: Foul Ball, location: 2F 1-2: Strikes out looking
|
Batting: RHB Ángel Serrano
|
0-0: Called Strike 0-1: Ball 1-1: Called Strike 1-2: Ball 2-2: Foul Ball, location: 2F 2-2: Ball 3-2: Foul Ball, location: 2F 3-2: Foul Ball, location: 2F 3-2: Foul Ball, location: 2F 3-2: Fly out, F8 (Flyball, 8RM)
|
Pitching: RHP Mario García
|
|
Batting: RHB Andrés Silva
|
0-0: Fly out, F7 (Flyball, 7S)
|
Bottom of the 6th over - 0 runs, 0 hits, 0 errors, 0 left on base; Reading 1 - Butler 8 |
TOP OF THE 7TH |
Reading Rainbows batting - Pitching for Butler White Sox : LHP Gary Fox
|
Batting: LHB Ramón Morán
|
0-0: Foul Ball, location: 2F 0-1: Ball 1-1: SOLO HOME RUN (Line Drive, 7D), Distance : 349 ft
|
Batting: SHB Johnny Jackson
|
0-0: Fly out, F7 (Flyball, 7)
|
Batting: LHB Dennis McConnell
|
0-0: Ball 1-0: Ball 2-0: Foul Ball, location: 2F 2-1: Swinging Strike 2-2: Strikes out looking
|
Batting: RHB Jesús Chávez
|
0-0: Swinging Strike 0-1: Ball 1-1: Called Strike 1-2: Strikes out looking
|
Top of the 7th over - 1 run, 1 hit, 0 errors, 0 left on base; Reading 2 - Butler 8 |
BOTTOM OF THE 7TH |
Butler White Sox batting - Pitching for Reading Rainbows : RHP Mario García
|
Batting: RHB Jerry Moore
|
0-0: SINGLE (Flyball, 7S)
|
Batting: LHB Denny Allen
|
0-0: Foul Ball, location: 2F 0-1: Fly out, F8 (Flyball, 8LD)
|
Batting: RHB Luis Fuentes
|
0-0: Ball 1-0: Fly out, F9 (Flyball, 89S)
|
Batting: LHB Sam Haynes
|
0-0: SINGLE (Line Drive, 7S) Jerry Moore to second
|
Batting: SHB Ben Marks
|
0-0: Called Strike 0-1: Ground out 6-3 (Groundball, 6MD)
|
Bottom of the 7th over - 0 runs, 2 hits, 0 errors, 2 left on base; Reading 2 - Butler 8 |
TOP OF THE 8TH |
Reading Rainbows batting - Pitching for Butler White Sox : LHP Gary Fox
|
Pitching: RHP Juan Silva
|
|
Batting: LHB Ismael Barajas
|
0-0: Ball 1-0: Ball 2-0: Ball 3-0: Base on Balls
|
Batting: RHB Richard Case
|
0-0: Ball 1-0: Ball 2-0: Swinging Strike 2-1: Ball 3-1: SINGLE (Groundball, 5D) Ismael Barajas to second
|
Batting: RHB Ethan Moore
|
0-0: Foul Ball, location: 2F 0-1: Swinging Strike 0-2: Ground out 4-3 (Groundball, 4MD) Ismael Barajas to third Richard Case to second
|
Batting: RHB Edmund Swanson
|
0-0: Ball 1-0: SINGLE (Groundball, 6D) Ismael Barajas scores Richard Case to third Runner from 3rd tries for Home, SAFE, no throw
|
Pitching: LHP Dexter Browning
|
|
Batting: RHB José Moreno
|
0-0: Swinging Strike 0-1: Swinging Strike 0-2: Foul Ball, location: 2F 0-2: Foul Ball, location: 2F 0-2: Ball 1-2: Strikes out swinging
|
Batting: LHB Ramón Morán
|
0-0: Ball 1-0: Ball 2-0: Ground out 4-3 (Groundball, 4)
|
Top of the 8th over - 2 runs, 2 hits, 0 errors, 1 left on base; Reading 4 - Butler 8 |
BOTTOM OF THE 8TH |
Butler White Sox batting - Pitching for Reading Rainbows : RHP Mario García
|
Batting: RHB Steve Clifton
|
0-0: Ball 1-0: Ball 2-0: Ball 3-0: Base on Balls
|
Batting: SHB Pedro Martínez
|
0-0: Ball 1-0: Called Strike 1-1: Foul Ball, location: 2F 1-2: Ground out 3-1 (Groundball, 34S) Steve Clifton to second
|
Batting: RHB Ángel Serrano
|
0-0: Called Strike 0-1: Swinging Strike 0-2: Foul Ball, location: 2F 0-2: Strikes out swinging
|
Batting: RHB Andrés Silva
|
0-0: Ball 1-0: Swinging Strike 1-1: Called Strike 1-2: Ground out 4-3 (Groundball, 4)
|
Bottom of the 8th over - 0 runs, 0 hits, 0 errors, 1 left on base; Reading 4 - Butler 8 |
TOP OF THE 9TH |
Reading Rainbows batting - Pitching for Butler White Sox : LHP Dexter Browning
|
Batting: SHB Johnny Jackson
|
0-0: Ball 1-0: Ball 2-0: Ball 3-0: Base on Balls
|
Batting: LHB Dennis McConnell
|
0-0: Fly out, F7 (Flyball, 78D)
|
Batting: RHB Jesús Chávez
|
0-0: Fly out, F5 (Line Drive, 5L)
|
Batting: LHB Ismael Barajas
|
0-0: Called Strike 0-1: Ball 1-1: Ball 2-1: Foul Ball, location: 2F 2-2: Foul Ball, location: 2F 2-2: Ground out 5-3 (Groundball, 56)
|
Top of the 9th over - 0 runs, 0 hits, 0 errors, 1 left on base; Reading 4 - Butler 8 |
|